[Event "Titled Tuesday Blitz July 18 Late 2023"]
[White "UgarteCesar"]
[Black "Mikhalsky, Vladimir"]
[BlackFideId "14144352"]
[WhiteElo "2240"]
[BlackElo "2408"]
[Result "1-0"]
[Round "5"]
[TimeControl "180+2"]
[Date "2023.07.18"]
[WhiteClock "0:00:31"]
[BlackClock "0:00:00"]
[Board "126"]

1. d4 Nf6 2. Bf4 c5 3. e3 g6 4. h3 Bg7 5. Nf3 O-O 6. Be2 b6 7. O-O Bb7 8. c3 d6 9. Nbd2 Nc6 10. Bh2 Nd7 11. Qc2 a6 12. a4 Rc8 13. Rfc1 Rc7 14. Qd1 Qa8 15. Qf1 Rd8 16. Rab1 Nf6 17. Bc4 Rcc8 18. Ng5 e6 19. Be2 h6 20. Ngf3 Ne7 21. b4 cxb4 22. cxb4 Ned5 23. Nc4 Ne4 24. Bd3 Nec3 25. Rb3 Nxa4 26. Nxd6 Rxc1 27. Qxc1 b5 28. Rb1 Bf8 29. Nxb7 Qxb7 30. Be4 Qc8 31. Bxd5 Qxc1+ 32. Rxc1 exd5 33. Rc6 Bxb4 34. Rxa6 Nc3 35. Bc7 Rc8 36. Be5 Ne2+ 37. Kh2 Bf8 38. Rb6 b4 39. Rb7 Nc3 40. Bf4 Nd1 41. Ne5 g5 42. Bg3 f6 43. Nd7 Rd8 44. Nxf6+ 1-0


[Site "https://www.chess.com"]

[Event "Titled Tuesday Blitz July 18 Late 2023"]
[White "Cardenas Carbajal, Nilson"]
[Black "Cooper, Aaron"]
[WhiteFideId "8401128"]
[BlackFideId "2634945"]
[WhiteElo "2189"]
[BlackElo "2289"]
[Result "0-1"]
[Round "5"]
[TimeControl "180+2"]
[Date "2023.07.18"]
[WhiteClock "0:00:27"]
[BlackClock "0:01:17"]
[Board "127"]

1. e4 d5 2. exd5 Qxd5 3. Nc3 Qd6 4. d4 Nf6 5. Nf3 a6 6. g3 Bf5 7. Bg2 Nc6 8. Bf4 Qd7 9. d5 Nb4 10. O-O Nxc2 11. Ne5 Qc8 12. Rc1 Nb4 13. a3 Nc2 14. Rxc2 Bxc2 15. Qxc2 g6 16. Re1 Bg7 17. Qd2 O-O 18. Bh6 Re8 19. Bxg7 Kxg7 20. Qd4 h5 21. Ne4 Qf5 22. Nxf6 exf6 23. Qd3 Rxe5 24. Qxf5 Rxe1+ 0-1


[Site "https://www.chess.com"]

[Event "Titled Tuesday Blitz July 18 Late 2023"]
[White "Stoyanov, Tsvetan"]
[Black "Vila Dupla, Aurelio"]
[WhiteFideId "2917173"]
[BlackFideId "2203383"]
[WhiteElo "2711"]
[BlackElo "2228"]
[Result "1-0"]
[Round "5"]
[TimeControl "180+2"]
[Date "2023.07.18"]
[WhiteClock "0:02:32"]
[BlackClock "0:01:52"]
[Board "128"]

1. c4 Nf6 2. Nc3 d5 3. cxd5 Nxd5 4. Nf3 Nc6 5. e3 e6 6. Bb5 Bd7 7. O-O Be7 8. Qb3 Nb6 9. d4 O-O 10. Bd3 Na5 11. Qd1 Bc6 12. Ne5 Be8 13. Qh5 g6 14. Qh3 Nac4 15. Nxc4 Nxc4 16. Bxc4 1-0


[Site "https://www.chess.com"]

[Event "Titled Tuesday Blitz July 18 Late 2023"]
[White "Golubev, Mikhail"]
[Black "Kujawski, Adam"]
[WhiteFideId "14100983"]
[BlackFideId "1100920"]
[WhiteElo "2563"]
[BlackElo "2338"]
[Result "1-0"]
[Round "5"]
[TimeControl "180+2"]
[Date "2023.07.18"]
[WhiteClock "0:00:37"]
[BlackClock "0:00:08"]
[Board "129"]

1. e4 e5 2. Nf3 Nc6 3. Bc4 Nf6 4. Ng5 d5 5. exd5 Na5 6. Bb5+ c6 7. dxc6 bxc6 8. Bd3 Ng4 9. Nh3 Bd6 10. O-O O-O 11. Nc3 Nxh2 12. Re1 Bxh3 13. Qh5 g6 14. Qxh3 f5 15. b4 e4 16. Nxe4 fxe4 17. Qe6+ Rf7 18. Rxe4 Qg5 19. Qxd6 Nf3+ 20. Kf1 Nh2+ 21. Qxh2 Qf6 22. Qh4 Qxa1 23. Re1 Qe5 1-0


[Site "https://www.chess.com"]

[Event "Titled Tuesday Blitz July 18 Late 2023"]
[White "Arencibia Monduy, Antonio"]
[Black "Slovineanu, Viacheslav"]
[WhiteFideId "3507939"]
[BlackFideId "13900510"]
[WhiteElo "2527"]
[BlackElo "2336"]
[Result "1-0"]
[Round "5"]
[TimeControl "180+2"]
[Date "2023.07.18"]
[WhiteClock "0:00:38"]
[BlackClock "0:00:00"]
[Board "130"]

1. e4 c6 2. d4 d5 3. e5 Bf5 4. c3 e6 5. Nf3 Nd7 6. Nbd2 c5 7. Nb3 a6 8. Be3 Qc7 9. Be2 Ne7 10. O-O Nc6 11. h3 h6 12. Rc1 Be7 13. Nh2 O-O 14. f4 f6 15. Bg4 Bxg4 16. Qxg4 f5 17. Qg6 Nd8 18. g4 Rf7 19. Rc2 Nf8 20. Qh5 Kh7 21. gxf5 Rxf5 22. Qg4 Nc6 23. dxc5 g6 24. Nd4 Nxd4 25. cxd4 Qc6 26. Rff2 Nd7 27. Nf1 Rg8 28. Ng3 Rf7 29. Rg2 Rfg7 30. Kh1 Nf8 31. Qe2 Qb5 32. Qxb5 axb5 33. Kh2 Bh4 34. Ne2 Rc7 35. a3 Nd7 36. Nc3 Nb8 37. Nxb5 Rc6 38. Nd6 b6 39. b4 bxc5 40. dxc5 Nd7 41. b5 Rc7 42. c6 Ra8 43. cxd7 Rxd7 44. Bc5 Ra4 45. Bb4 g5 46. fxg5 Bxg5 47. Rgf2 1-0


[Site "https://www.chess.com"]

[Event "Titled Tuesday Blitz July 18 Late 2023"]
[White "Dubreuil, Julien"]
[Black "Goffredo_Fofi"]
[WhiteFideId "621285"]
[WhiteElo "2334"]
[BlackElo "2519"]
[Result "0-1"]
[Round "5"]
[TimeControl "180+2"]
[Date "2023.07.18"]
[WhiteClock "0:00:35"]
[BlackClock "0:00:10"]
[Board "131"]

1. c4 g6 2. g3 Bg7 3. Bg2 d6 4. Nc3 Nc6 5. e4 Nd4 6. d3 c5 7. h3 Nf6 8. Nge2 O-O 9. O-O Ne8 10. Be3 Nxe2+ 11. Qxe2 Nc7 12. Nb5 Ne6 13. Rab1 a6 14. Nc3 Nd4 15. Qd2 Rb8 16. Kh2 b5 17. b3 Bd7 18. f4 a5 19. Ne2 Nxe2 20. Qxe2 a4 21. Rbd1 axb3 22. axb3 bxc4 23. bxc4 Bc6 24. Rb1 Qa5 25. h4 h5 26. Qc2 Qa4 27. Qxa4 Bxa4 28. e5 Bc2 29. Rxb8 Rxb8 30. d4 Rb3 31. Bg1 cxd4 32. Bxd4 Rb4 33. exd6 Bxd4 34. dxe7 Ba4 35. Ra1 Bxa1 36. f5 gxf5 37. Bd5 Bf6 38. Kg2 Bxe7 39. Kf3 Bd6 40. Kg2 Rb2+ 41. Kh3 Rb3 42. Kg2 Rxg3+ 43. Kf2 Rg4 0-1


[Site "https://www.chess.com"]

[Event "Titled Tuesday Blitz July 18 Late 2023"]
[White "Ismayil, Malak"]
[Black "Alain_Otero"]
[WhiteFideId "13412604"]
[WhiteElo "2504"]
[BlackElo "2330"]
[Result "1-0"]
[Round "5"]
[TimeControl "180+2"]
[Date "2023.07.18"]
[WhiteClock "0:01:26"]
[BlackClock "0:00:00"]
[Board "132"]

1. e4 e5 2. Nf3 Nc6 3. Bc4 Bc5 4. d3 Nf6 5. Nc3 d6 6. h3 h6 7. Be3 O-O 8. O-O Bxe3 9. fxe3 Na5 10. Bb3 Nxb3 11. axb3 c6 12. Qe1 Qb6 13. Nh4 Be6 14. Rxf6 gxf6 15. Qg3+ Kh7 16. Rf1 Rg8 17. Qf3 Qd8 18. Kh2 Rg5 19. d4 d5 20. exd5 cxd5 21. dxe5 fxe5 22. e4 d4 23. Nd5 Bxd5 24. exd5 Qd7 25. Qe4+ Kh8 26. Nf3 Rg7 27. Nxe5 Qd6 28. Kh1 f6 29. Ng4 h5 30. Nxf6 Rf8 31. Qxd4 Qg3 32. Rf2 Qg5 33. Ne4 Qc1+ 34. Kh2 Rxf2 35. Qxf2 Qxb2 36. Qf8+ Kh7 37. Qf5+ Kh6 38. Nf6 Rg6 39. Qxh5+ Kg7 40. Ng4 Qd4 41. Qf5 1-0


[Site "https://www.chess.com"]

[Event "Titled Tuesday Blitz July 18 Late 2023"]
[White "Vifleemskaia, Svetlana"]
[Black "Yeritsyan, Hayk"]
[WhiteFideId "4129490"]
[BlackFideId "13307320"]
[WhiteElo "2323"]
[BlackElo "2490"]
[Result "0-1"]
[Round "5"]
[TimeControl "180+2"]
[Date "2023.07.18"]
[WhiteClock "0:00:00"]
[BlackClock "0:00:07"]
[Board "133"]

1. d4 d5 2. c4 c6 3. cxd5 cxd5 4. Bf4 Nc6 5. e3 Nf6 6. Nc3 Bf5 7. Qb3 Na5 8. Qa4+ Bd7 9. Qc2 e6 10. Bd3 Be7 11. Nf3 O-O 12. O-O Rc8 13. Qe2 Nc4 14. Ne5 Nxe5 15. Bxe5 Qb6 16. Rfc1 Rfe8 17. Rc2 Bd6 18. Rac1 Red8 19. Bxf6 gxf6 20. Qh5 Kf8 21. f4 Ke7 22. f5 Rf8 23. fxe6 fxe6 24. Qxh7+ Rf7 25. Qh5 Rg8 26. Rf2 Rfg7 27. Rcf1 Rf8 28. Qh6 Rgf7 29. g3 Qd8 30. Qh5 Rg7 31. Qf3 f5 32. Ne2 Bc6 33. Nf4 Bxf4 34. exf4 Qd6 35. Qe3 Kd7 36. Re1 Rfg8 37. Rf3 Rg4 38. Kf2 R4g7 39. a3 Rh7 40. h4 Rhg7 41. Re2 a6 42. Rc2 Qe7 43. Re2 Qf6 44. Rc2 Rg6 45. b3 Qe7 46. a4 Qb4 0-1


[Site "https://www.chess.com"]

[Event "Titled Tuesday Blitz July 18 Late 2023"]
[White "Ncatt"]
[Black "Novikov, Evgenij"]
[BlackFideId "4125380"]
[WhiteElo "2316"]
[BlackElo "2479"]
[Result "0-1"]
[Round "5"]
[TimeControl "180+2"]
[Date "2023.07.18"]
[WhiteClock "0:00:35"]
[BlackClock "0:00:04"]
[Board "134"]

1. e4 e5 2. Nf3 d6 3. d4 Nd7 4. Nc3 c6 5. a4 Be7 6. Bc4 Ngf6 7. O-O O-O 8. Re1 a5 9. h3 b6 10. b3 Ba6 11. Bxa6 Rxa6 12. Bb2 Qc7 13. Qe2 Raa8 14. Rad1 Rfd8 15. Qe3 Nf8 16. Ne2 Ng6 17. Ng3 Bf8 18. c4 Re8 19. h4 h6 20. h5 Nf4 21. dxe5 dxe5 22. Bxe5 Rxe5 23. Qxf4 Re7 24. Qxc7 Rxc7 25. e5 Nd7 26. Nf5 Nc5 27. Re3 Re8 28. Nd6 Rd8 29. Kf1 Rcd7 30. Ke2 Bxd6 31. exd6 Rxd6 32. Rxd6 Rxd6 33. Ne5 Ne6 34. Nf3 Nf4+ 35. Kf1 Nxh5 36. c5 bxc5 37. Re5 Nf4 38. Re8+ Kh7 39. Kg1 Ne6 40. Ne5 f6 41. Nc4 Rd1+ 42. Kh2 Nd4 43. Nxa5 Rb1 44. Re3 f5 45. Rc3 f4 46. Rxc5 Nxb3 47. Nxb3 Rxb3 48. Rxc6 Ra3 49. Ra6 h5 50. f3 g6 51. Kh3 Ra1 52. Kh4 Kh6 53. g4 Rh1# 0-1


[Site "https://www.chess.com"]

[Event "Titled Tuesday Blitz July 18 Late 2023"]
[White "Garmendiarov"]
[Black "Petukhov, Dmitry"]
[BlackFideId "4142748"]
[WhiteElo "2302"]
[BlackElo "2474"]
[Result "0-1"]
[Round "5"]
[TimeControl "180+2"]
[Date "2023.07.18"]
[WhiteClock "0:00:01"]
[BlackClock "0:01:44"]
[Board "135"]

1. e4 c5 2. Nf3 d6 3. d4 cxd4 4. Nxd4 Nf6 5. Nc3 Nc6 6. Bg5 Bd7 7. Qd2 Rc8 8. f3 Nxd4 9. Qxd4 Qa5 10. h4 e5 11. Qd2 Be7 12. Be2 O-O 13. O-O-O h6 14. Bxf6 Bxf6 15. Qxd6 Be6 16. a3 Rxc3 17. bxc3 Qxc3 18. Qd3 Qc7 19. Kb2 Rc8 20. Rd2 Be7 21. Rc1 Bxh4 22. c4 Bg5 23. Rdc2 Bxc1+ 24. Kxc1 Rd8 25. Qc3 Qc5 26. Rd2 Rd4 27. Rxd4 exd4 28. Qb3 b6 29. Bd3 Qg5+ 30. Kb1 Qxg2 31. Qb5 Qxf3 32. Kc2 Qf2+ 33. Kb3 Qd2 34. Bc2 Qc3+ 35. Ka4 Qxc2+ 36. Kb4 Qb2+ 37. Ka4 Qxb5+ 38. Kxb5 d3 0-1


[Site "https://www.chess.com"]

[Event "Titled Tuesday Blitz July 18 Late 2023"]
[White "Melnichuk, Mikhail"]
[Black "Arias Igual, Alejandro"]
[WhiteFideId "14117533"]
[BlackFideId "2254905"]
[WhiteElo "2472"]
[BlackElo "2316"]
[Result "1-0"]
[Round "5"]
[TimeControl "180+2"]
[Date "2023.07.18"]
[WhiteClock "0:00:13"]
[BlackClock "0:00:03"]
[Board "136"]

1. Nf3 d5 2. d4 e6 3. Bf4 Nf6 4. e3 Bd6 5. Bg3 O-O 6. Bd3 c5 7. c3 Qc7 8. Nbd2 Nbd7 9. Qe2 e5 10. dxe5 Nxe5 11. Nxe5 Bxe5 12. Nf3 Bd6 13. O-O b6 14. Rfd1 Bxg3 15. hxg3 Bb7 16. Ba6 Rfe8 17. Bxb7 Qxb7 18. a4 a6 19. Qc2 g6 20. Qb3 Kg7 21. Ne1 Rad8 22. Qc2 Ne4 23. Nf3 Qc6 24. Nd2 Nf6 25. Nf3 h6 26. Qb3 Ne4 27. Nd2 c4 28. Qc2 Nc5 29. Nf3 Nd3 30. Ne1 Nc5 31. Nf3 Qf6 32. Nd4 Nd3 33. Rd2 h5 34. b3 h4 35. gxh4 Qxh4 36. Nf3 Qh5 37. Rxd3 cxd3 38. Qxd3 Re4 39. Rd1 Rh8 40. Kf1 Qh1+ 41. Ke2 Qxg2 42. Qxd5 Re6 43. Qd4+ Kh7 44. Rg1 1-0


[Site "https://www.chess.com"]

[Event "Titled Tuesday Blitz July 18 Late 2023"]
[White "Toniutti, Ezio"]
[Black "Santos, Rafael Ventura Dos"]
[WhiteFideId "113034"]
[BlackFideId "2122227"]
[WhiteElo "2463"]
[BlackElo "2290"]
[Result "1-0"]
[Round "5"]
[TimeControl "180+2"]
[Date "2023.07.18"]
[WhiteClock "0:01:54"]
[BlackClock "0:00:18"]
[Board "137"]

1. d4 Nf6 2. c4 e6 3. g3 d5 4. Bg2 Bb4+ 5. Bd2 a5 6. Nf3 O-O 7. O-O dxc4 8. Qc2 b5 9. a4 Bxd2 10. Nfxd2 Ra7 11. axb5 Qxd4 12. Nxc4 Qc5 13. Nba3 Bb7 14. Bxb7 Rxb7 15. Rac1 Qb4 16. Rfd1 Nbd7 17. Qd2 Nc5 18. Nxa5 Qxd2 19. Rxd2 Nce4 20. Rdc2 Ra7 21. Nc6 Ra4 22. f3 Nd6 23. e4 Nb7 24. Ne7+ Kh8 25. Rxc7 Na5 26. Rc8 1-0


[Site "https://www.chess.com"]

[Event "Titled Tuesday Blitz July 18 Late 2023"]
[White "Vaglio Munoz, Jaime"]
[Black "Korkmaz, Necmettin"]
[WhiteFideId "6500145"]
[BlackFideId "6303285"]
[WhiteElo "2282"]
[BlackElo "2462"]
[Result "1/2-1/2"]
[Round "5"]
[TimeControl "180+2"]
[Date "2023.07.18"]
[WhiteClock "0:00:46"]
[BlackClock "0:00:38"]
[Board "138"]

1. Nf3 d5 2. c4 c6 3. b3 Nf6 4. Bb2 Bf5 5. d3 e6 6. g3 Nbd7 7. Bg2 h6 8. O-O Be7 9. a3 O-O 10. b4 a5 11. b5 cxb5 12. cxb5 Rc8 13. Ne5 Nxe5 14. Bxe5 Nd7 15. Bd4 Bf6 16. Bxf6 Qxf6 17. Nd2 Rc3 18. Qa4 b6 19. Nf3 Rfc8 20. Qd4 Rb3 21. Qxf6 Nxf6 22. Nd4 Rbc3 23. a4 Bg6 24. h3 Kf8 25. g4 Nd7 26. f4 Bh7 27. h4 Nc5 28. f5 e5 29. Nc6 Nb3 30. Ra2 e4 31. dxe4 dxe4 32. Rd1 f6 33. Bxe4 Bg8 34. Kf2 Nc5 35. Bf3 Bxa2 36. Na7 Re8 37. Rd6 Nxa4 38. Bc6 Re7 39. Nc8 Re5 40. Rd8+ Kf7 41. Nd6+ Ke7 42. Rd7+ Kf8 43. Rd8+ Ke7 44. Rd7+ Kf8 45. Rd8+ Ke7 1/2-1/2


[Site "https://www.chess.com"]

[Event "Titled Tuesday Blitz July 18 Late 2023"]
[White "WindWhistler11"]
[Black "Chemin, Justo Reinaldo"]
[BlackFideId "2101580"]
[WhiteElo "2447"]
[BlackElo "2265"]
[Result "1-0"]
[Round "5"]
[TimeControl "180+2"]
[Date "2023.07.18"]
[WhiteClock "0:01:14"]
[BlackClock "0:00:00"]
[Board "139"]

1. Nf3 d5 2. c4 c6 3. g3 e6 4. Qc2 Nf6 5. Bg2 Nbd7 6. O-O b6 7. b3 Bb7 8. Bb2 Be7 9. d3 O-O 10. Nbd2 c5 11. Rfe1 d4 12. e4 e5 13. Nh4 g6 14. Rf1 Nh5 15. Nhf3 Ng7 16. Ne1 f5 17. f4 exf4 18. gxf4 Nh5 19. e5 Bxg2 20. Nxg2 g5 21. Qd1 Nxf4 22. Nxf4 gxf4 23. Nf3 Qe8 24. Kh1 Qh5 25. Qc2 Kh8 26. Bc1 Qg4 27. Qd2 Rg8 28. a3 Rae8 29. Ra2 Bh4 30. Qxf4 Qxf4 31. Bxf4 Rg4 32. Nxh4 Rxh4 33. Re2 Re6 34. Bg5 Rh3 35. Rxf5 Rxd3 36. Rf7 Nxe5 37. Bf6+ Rxf6 38. Rxf6 Ng4 39. Rf7 Ne3 40. h4 1-0


[Site "https://www.chess.com"]

[Event "Titled Tuesday Blitz July 18 Late 2023"]
[White "Deviprasath, Sharvesh"]
[Black "Miguelitro69"]
[WhiteFideId "30938228"]
[WhiteElo "2438"]
[BlackElo "2274"]
[Result "1-0"]
[Round "5"]
[TimeControl "180+2"]
[Date "2023.07.18"]
[WhiteClock "0:02:17"]
[BlackClock "0:01:04"]
[Board "140"]

1. Nf3 c5 2. b3 Nc6 3. Bb2 Nf6 4. e3 d5 5. Bb5 Bd7 6. O-O g6 7. Bxf6 exf6 8. d4 cxd4 9. Nxd4 Nxd4 10. Bxd7+ Qxd7 11. Qxd4 Bg7 12. Nc3 Rd8 13. Rad1 O-O 14. Nxd5 Qe6 15. c4 f5 16. Qxa7 Ra8 17. Qxb7 Rxa2 18. c5 Rc2 19. Rc1 Rxc1 20. Rxc1 Rd8 21. Nf4 Qe5 22. c6 Qd6 23. h4 Be5 24. c7 1-0


[Site "https://www.chess.com"]

[Event "Titled Tuesday Blitz July 18 Late 2023"]
[White "rikchessmx"]
[Black "JonSnowNW1"]
[WhiteElo "2260"]
[BlackElo "2427"]
[Result "0-1"]
[Round "5"]
[TimeControl "180+2"]
[Date "2023.07.18"]
[WhiteClock "0:01:35"]
[BlackClock "0:00:55"]
[Board "141"]

1. e4 c5 2. Nf3 d6 3. d4 cxd4 4. Nxd4 Nf6 5. Nc3 a6 6. f4 Nbd7 7. Qf3 g6 8. g4 Bg7 9. g5 Nd5 10. Nxd5 Bxd4 11. c3 Bg7 12. h4 e6 13. Ne3 Qa5 14. Bd2 Qb6 15. O-O-O Nc5 16. Nc4 Qc6 17. Be3 O-O 18. Rxd6 Qxe4 19. Bg2 Qxc4 20. Rd4 Bxd4 21. Bxd4 e5 22. fxe5 Bf5 23. b3 Nd3+ 24. Kd2 Qb5 25. h5 Nxe5 26. Qg3 Qd3+ 27. Qxd3 Nxd3 28. hxg6 fxg6 29. Bd5+ Rf7 30. Bxf7+ Kxf7 31. Rxh7+ Ke6 32. Rxb7 Be4 33. Rb6+ Kf5 34. Bf6 Nc5 35. b4 Na4 36. Rd6 Nb2 37. Rd4 Rc8 38. Ke3 Rxc3+ 39. Kd2 Rc2+ 40. Ke3 Nc4+ 41. Rxc4 Rxc4 42. a3 Bc6 43. Kd3 Bb5 44. a4 Rxb4+ 45. axb5 Rxb5 46. Kc4 Rb7 47. Kc5 a5 48. Kc6 Rb1 49. Kc5 a4 50. Kc4 a3 51. Kc3 a2 52. Kc2 a1=Q 53. Bxa1 Rxa1 0-1


[Site "https://www.chess.com"]

[Event "Titled Tuesday Blitz July 18 Late 2023"]
[White "Al Mukhaini, Shima"]
[Black "Thiel, Thomas"]
[WhiteFideId "22005854"]
[BlackFideId "4615964"]
[WhiteElo "2403"]
[BlackElo "2248"]
[Result "1/2-1/2"]
[Round "5"]
[TimeControl "180+2"]
[Date "2023.07.18"]
[WhiteClock "0:02:49"]
[BlackClock "0:02:04"]
[Board "142"]

1. b3 e5 2. Bb2 Nc6 3. e3 Nf6 4. Bb5 Bd6 5. Ne2 Ne7 6. Ng3 c6 7. Be2 Bc7 8. d3 d5 9. e4 d4 10. Nd2 O-O 11. O-O Ng6 12. Nh5 Nxh5 13. Bxh5 Nf4 14. Bg4 Qg5 15. h3 Nxh3+ 16. gxh3 h5 17. Nf3 Qg6 18. Nh4 Qg5 19. Nf3 1/2-1/2


[Site "https://www.chess.com"]

[Event "Titled Tuesday Blitz July 18 Late 2023"]
[White "Melikhov, Evgeny V."]
[Black "ChessSG1"]
[WhiteFideId "4122046"]
[WhiteElo "2402"]
[BlackElo "2243"]
[Result "0-1"]
[Round "5"]
[TimeControl "180+2"]
[Date "2023.07.18"]
[WhiteClock "0:00:15"]
[BlackClock "0:01:29"]
[Board "143"]

1. d4 d5 2. c4 e6 3. Nc3 Nf6 4. cxd5 exd5 5. Bg5 c6 6. Qc2 Bd6 7. e3 O-O 8. Bd3 h6 9. Bh4 Re8 10. Nge2 a5 11. h3 Na6 12. a3 Nc7 13. O-O Ne6 14. f4 Nf8 15. Bf2 b5 16. Rae1 b4 17. Nb1 Ba6 18. a4 Bxd3 19. Qxd3 Ne4 20. Nd2 Nxf2 21. Rxf2 Ne6 22. Nf3 c5 23. b3 Rc8 24. dxc5 Nxc5 25. Qxd5 Rxe3 26. Rd1 Be7 27. Qxd8+ Rxd8 28. Rxd8+ Bxd8 29. Ned4 Nxb3 30. Rc2 Nxd4 31. Nxd4 Bb6 0-1


[Site "https://www.chess.com"]

[Event "Titled Tuesday Blitz July 18 Late 2023"]
[White "Luong Phuong Hanh"]
[Black "De Souza, Cristiano Gomes"]
[WhiteFideId "12401013"]
[BlackFideId "2151758"]
[WhiteElo "2396"]
[BlackElo "2242"]
[Result "1-0"]
[Round "5"]
[TimeControl "180+2"]
[Date "2023.07.18"]
[WhiteClock "0:00:18"]
[BlackClock "0:00:05"]
[Board "144"]

1. d4 Nf6 2. Nf3 g6 3. g3 Bg7 4. Bg2 O-O 5. O-O d6 6. a4 Nc6 7. a5 a6 8. d5 Ne5 9. Nxe5 dxe5 10. c4 Bd7 11. Nc3 Qc8 12. Re1 Bh3 13. Bh1 Rd8 14. Qb3 e6 15. Bg5 h6 16. Bxf6 Bxf6 17. Rad1 Bg7 18. dxe6 Bxe6 19. Bxb7 Rxd1 20. Rxd1 Qb8 21. Ne4 Ra7 22. Nc5 Bf8 23. Bd5 Qxb3 24. Nxb3 Bxd5 25. cxd5 Rb7 26. Rd3 Rb5 27. e4 Bb4 28. Nd2 Rxa5 29. Nc4 Ra1+ 30. Kg2 Bd6 31. Rb3 Re1 32. Kf3 f5 33. Nxd6 cxd6 34. exf5 gxf5 35. Rb6 e4+ 36. Kf4 Re2 37. Kxf5 Rxf2+ 38. Kxe4 Rxh2 39. Rxd6 Rxb2 40. Rxh6 a5 41. Ra6 Ra2 42. d6 Kf7 43. Kd5 Rg2 44. Ra7+ Ke8 45. Rg7 a4 46. Kc4 Rd2 47. Kc5 a3 48. Ra7 a2 49. g4 Rg2 50. Kc6 Rc2+ 51. Kd5 Rg2 52. Ke6 Re2+ 53. Kf5 Rd2 54. Ra8+ Kd7 55. Ra6 Rxd6 56. Rxa2 Rd1 57. Re2 Rf1+ 58. Kg6 Kd8 59. g5 Kd7 60. Kg7 Kd8 61. g6 Kd7 62. Kg8 Kd8 63. g7 Kd7 64. Re4 Kd8 65. Kh7 Rh1+ 66. Kg6 Rg1+ 67. Kh7 Rh1+ 68. Kg8 Kd7 69. Re3 Kd6 70. Re4 Kd7 71. Re5 Kd8 72. Kf7 Rf1+ 73. Kg6 Rg1+ 74. Rg5 Rxg5+ 75. Kxg5 Ke7 76. g8=Q 1-0


[Site "https://www.chess.com"]

[Event "Titled Tuesday Blitz July 18 Late 2023"]
[White "Kuchava, Ana"]
[Black "Yolosz"]
[WhiteFideId "13605348"]
[WhiteElo "2236"]
[BlackElo "2395"]
[Result "0-1"]
[Round "5"]
[TimeControl "180+2"]
[Date "2023.07.18"]
[WhiteClock "0:00:00"]
[BlackClock "0:00:10"]
[Board "145"]

1. d4 Nf6 2. Nf3 e6 3. c4 d5 4. Nc3 Bb4 5. Qa4+ Nc6 6. e3 O-O 7. Bd3 a6 8. Qc2 Re8 9. O-O Bf8 10. Bd2 Nb4 11. Qc1 Nxd3 12. Qc2 dxc4 13. e4 b5 14. b3 Bb7 15. e5 Ne4 16. bxc4 bxc4 17. Nxe4 Bxe4 18. Qxc4 c5 19. Ng5 Bg6 20. dxc5 Nxe5 21. Qc3 Nc6 22. Be3 Be7 23. Nf3 Bf6 24. Qa3 Bxa1 25. Rxa1 Qd3 26. Qa4 Qb5 27. Qh4 Qb4 28. Qg3 Red8 29. h4 h5 30. Qc7 Rac8 31. Qg3 Qb2 32. Re1 Qxa2 33. Bg5 Rd5 34. Be3 a5 35. Nd2 a4 36. Qf3 a3 37. Ne4 Bxe4 38. Qxe4 Qb2 39. Bf4 a2 40. Bd6 a1=Q 41. Rxa1 Qxa1+ 42. Kh2 Qd4 43. Qf3 Rxd6 0-1


[Site "https://www.chess.com"]

[Event "Titled Tuesday Blitz July 18 Late 2023"]
[White "Jonkman, Harmen"]
[Black "SoyuzTM4"]
[WhiteFideId "1002708"]
[WhiteElo "2391"]
[BlackElo "2234"]
[Result "1-0"]
[Round "5"]
[TimeControl "180+2"]
[Date "2023.07.18"]
[WhiteClock "0:00:08"]
[BlackClock "0:00:15"]
[Board "146"]

1. d4 Nf6 2. Nf3 d5 3. Bf4 Bg4 4. h3 Bxf3 5. gxf3 g6 6. e3 Bg7 7. c4 O-O 8. Nc3 c6 9. Qb3 Qb6 10. c5 Qxb3 11. axb3 Nbd7 12. b4 Nh5 13. Bh2 e5 14. O-O-O a5 15. b5 exd4 16. exd4 Bh6+ 17. Kc2 Bf4 18. b6 Rfe8 19. Bd3 Nf8 20. Ne2 Bxh2 21. Rxh2 Ne6 22. Kc3 Ng5 23. Ng1 Nf4 24. h4 Nge6 25. Nh3 Nh5 26. Rhh1 a4 27. Ra1 Ra5 28. Ra3 f5 29. Rha1 Rea8 30. b3 Nhf4 31. Nxf4 Nxf4 32. Bf1 Kf7 33. Rxa4 Rxa4 34. Rxa4 Rxa4 35. bxa4 Ke7 36. a5 Kd8 37. a6 Kc8 38. a7 1-0


[Site "https://www.chess.com"]

[Event "Titled Tuesday Blitz July 18 Late 2023"]
[White "Ortega Ruiz, Jose Miguel"]
[Black "Kalaiyalahan, Akshaya"]
[WhiteFideId "2209713"]
[BlackFideId "422894"]
[WhiteElo "2382"]
[BlackElo "2234"]
[Result "0-1"]
[Round "5"]
[TimeControl "180+2"]
[Date "2023.07.18"]
[WhiteClock "0:00:05"]
[BlackClock "0:00:10"]
[Board "147"]

1. e4 c5 2. b4 d6 3. bxc5 dxc5 4. Nf3 Nc6 5. Bb5 Bd7 6. O-O a6 7. Bxc6 Bxc6 8. Re1 e6 9. c3 Nf6 10. Qc2 Be7 11. Ne5 Rc8 12. d3 O-O 13. Bf4 Nd7 14. Nxc6 Rxc6 15. Nd2 Bf6 16. e5 Bg5 17. Bg3 Bxd2 18. Qxd2 Nb6 19. Rab1 Qd7 20. Re4 Nd5 21. h4 Rd8 22. h5 Ne7 23. d4 Nf5 24. h6 cxd4 25. Qg5 Nxh6 26. cxd4 Nf5 27. Rg4 h6 28. Qh5 Rc4 29. Bh4 Rdc8 30. Bf6 g6 31. Rxg6+ fxg6 32. Qxg6+ Ng7 33. Kh2 Qf7 34. Qg3 Qh5+ 35. Kg1 Rc1+ 36. Rxc1 Rxc1# 0-1


[Site "https://www.chess.com"]

[Event "Titled Tuesday Blitz July 18 Late 2023"]
[White "Hoffmann, Asa"]
[Black "Osmonbekov, Talaibek"]
[WhiteFideId "2001470"]
[BlackFideId "2017253"]
[WhiteElo "2381"]
[BlackElo "2178"]
[Result "1-0"]
[Round "5"]
[TimeControl "180+2"]
[Date "2023.07.18"]
[WhiteClock "0:00:24"]
[BlackClock "0:00:00"]
[Board "148"]

1. d4 e6 2. e4 d5 3. e5 c5 4. Nf3 Nc6 5. Bd3 cxd4 6. O-O Bc5 7. a3 a5 8. Bf4 Nge7 9. Nbd2 Ng6 10. Bg3 O-O 11. h4 f5 12. h5 Nh8 13. Bf4 Nf7 14. Re1 Bd7 15. Nb3 Bb6 16. Qd2 a4 17. Nc1 h6 18. Na2 Be8 19. Be2 Rc8 20. Rac1 Na5 21. Nb4 Kh7 22. Bd3 Nc4 23. Qe2 Nxb2 24. g4 Nxd3 25. Qxd3 Kg8 26. gxf5 Ng5 27. Bxg5 hxg5 28. Nxd4 Bxd4 29. Qxd4 Rc4 30. Qe3 Rxf5 31. Nd3 Bxh5 32. Kg2 Rg4+ 33. Kf1 Rh4 34. f4 gxf4 35. Qf2 Qg5 36. Qg2 Qh6 37. Kf2 f3 38. Qg3 Bg4 39. Rg1 1-0


[Site "https://www.chess.com"]

[Event "Titled Tuesday Blitz July 18 Late 2023"]
[White "Novikova, Margarita"]
[Black "Eggleston, Thomas A"]
[WhiteFideId "14109689"]
[BlackFideId "412139"]
[WhiteElo "2193"]
[BlackElo "2369"]
[Result "1-0"]
[Round "5"]
[TimeControl "180+2"]
[Date "2023.07.18"]
[WhiteClock "0:00:09"]
[BlackClock "0:00:00"]
[Board "149"]

1. e4 e6 2. d4 d5 3. Nd2 c5 4. exd5 Qxd5 5. dxc5 Nf6 6. Ngf3 Qxc5 7. Bd3 Be7 8. O-O O-O 9. Nb3 Qc7 10. c3 b6 11. Bg5 Bb7 12. Qe2 Nbd7 13. Rad1 Rad8 14. Bb1 e5 15. Rfe1 h6 16. Bh4 Qc6 17. Qf1 Bd6 18. Nbd2 Nh5 19. Be4 Qc7 20. Bxb7 g5 21. Ne4 Be7 22. Nexg5 hxg5 23. Bxg5 Bxg5 24. Nxg5 Qxb7 25. g3 Qc6 26. Qh3 Ndf6 27. Rxd8 Rxd8 28. Qh4 Qd6 29. Nf3 e4 30. Nd4 Qe5 31. Qh3 Re8 32. Qg2 Ng7 33. Re3 Nf5 34. Re1 Nxd4 35. cxd4 Qxd4 36. b3 e3 37. f4 e2+ 38. Qf2 Qxf2+ 39. Kxf2 Ng4+ 40. Kg2 Ne3+ 41. Kf2 Nc2 42. Rxe2 Rxe2+ 43. Kxe2 Nb4 44. a4 Nc2 45. Kd2 Nd4 46. Kc3 Nf3 47. h3 Kf8 48. Kd3 Ke7 49. h4 f5 50. h5 1-0


[Site "https://www.chess.com"]